 Dungeon Crawl Stone Soup version 0.30-a0-118-ga018f8e90f (webtiles) character file.

Game seed: 7380118315771459694

61 Ofeo the Sneak (level 3, -2/31 HPs)
             Began as a Palentonga Delver on Sept 14, 2022.
             Slain by a scorpion (3 damage)
             ... on level 5 of the Dungeon.
             The game lasted 00:01:08 (407 turns).

Ofeo the Sneak (Palentonga Delver)                   Turns: 407, Time: 00:01:09

Health: -2/31      AC:  4    Str: 19    XL:     3   Next: 83%
Magic:  3/3        EV:  9    Int: 10    God:
Gold:   9          SH:  0    Dex: 11    Spells: 2/2 levels left

rFire   . . .      SeeInvis +    a - +0 mace
rCold   . . .      Faith    .    (no shield)
rNeg    . . .      Spirit   .    b - +0 leather armour
rPois   .          Reflect  .    (no helmet)
rElec   .          Harm     .    (no cloak)
rCorr   .          Rampage  .    (no gloves)
Will    .....                    (no barding)
Stlth   ++........               (no amulet)
HPRegen 0.10/turn                (no ring)
MPRegen 0.08/turn                (no ring)

@: lethally poisoned (-2 -> -6)
A: large, rugged brown scales 3, see invisible, deformed body, roll 1, armoured
tail
a: Rolling Charge


You were on level 5 of the Dungeon.
You visited 1 branch of the dungeon, and saw 2 of its levels.

You collected 9 gold pieces.

Inventory:

Hand Weapons
 a - a +0 mace (weapon)
Armour
 b - a +0 leather armour (worn)
Wands
 g - a wand of digging (3) {@v1}
Scrolls
 c - a scroll of fog
 d - a scroll of magic mapping
 e - a scroll of fear
Potions
 f - a potion of haste {@q3}


   Skills:
 + Level 3.5 Fighting
 + Level 2.6 Maces & Flails
 + Level 2.2 Dodging
 + Level 3.6 Stealth


You had 2 spell levels left.
You didn't know any spells.
Your spell library was empty.

Dungeon Overview and Level Annotations

Branches:
Dungeon (6/15)
 Temple: D:4-7

Altars:


Innate Abilities, Weirdness & Mutations

You are completely covered in rugged brown scales. (AC +3, +7% HP)
You have supernaturally acute eyesight. (SInv)
Armour fits poorly on your strangely shaped body.
You can roll at nearby foes to attack.
You have a long armoured tail.


Message History

You are poisoned.
The scorpion poisons you! The scorpion stings you.
You take 2 damage, and have 29/31 hp.
You hit the scorpion.
The scorpion is moderately wounded.
You feel very sick.
The scorpion stings you but does no damage.
You take 4 damage, and have 25/31 hp.
You hit the scorpion.
The scorpion is moderately wounded.
You feel sick. The scorpion stings you. x2
You are lethally poisoned!
The scorpion poisons you!
You take 12 damage, and have 13/31 hp.
MASSIVE DAMAGE!!
You hit the scorpion.
Your tail-slap misses the scorpion.
The scorpion is severely wounded.
* * * LOW HITPOINT WARNING * * *
You feel very sick. The scorpion stings you.
* * * LOW HITPOINT WARNING * * *
You take 5 damage, and have 8/31 hp.
Okay, then.
You barely miss the scorpion.
The scorpion is severely wounded.
* * * LOW HITPOINT WARNING * * *
You feel very sick.
The scorpion stings you but does no damage.
The scorpion closely misses you.
You take 3 damage, and have 5/31 hp.
You hit the scorpion.
The scorpion is almost dead.
* * * LOW HITPOINT WARNING * * *
You feel sick. The scorpion barely misses you.
The scorpion stings you but does no damage.
You take 2 damage, and have 3/31 hp.
You completely miss the scorpion.
The scorpion is almost dead.
* * * LOW HITPOINT WARNING * * *
You feel sick. The scorpion stings you.
You die...

.)##### #########
......## #.......#
..###..### #.......# ..#
##...#####.......+
.>######...รท.........###
....# #######........:.
###)# #.......... #.#
#.....?.# #.# #..@....#
#.# #..s....# #.#
#.......# #.# ######...#
#.######### .....
#.........# ....
#.........# ...
#.........# ...
###.<...)...#


You could see a scorpion.

Vanquished Creatures
  A necrophage (D:5)
1 creature vanquished.

Notes
Turn   | Place    | Note
-------+----------+-------------------------------------------
     0 | D:5      | Ofeo the Palentonga Delver began the quest for the Orb.
     0 | D:5      | Reached XP level 1. HP: 19/19 MP: 1/1
    16 | D:5      | Noticed a necrophage
    40 | D:5      | Noticed a scorpion
    54 | D:5      | Killed a necrophage
    55 | D:5      | Reached XP level 2. HP: 3/25 MP: 2/2
    55 | D:5      | Reached XP level 3. HP: 4/31 MP: 3/3
   407 | D:5      | HP: 1/31 [poisoned by a scorpion]
   407 | D:5      | Slain by a scorpion

Illustrated notes

Levels and vault maps discovered:
D:5:      layout_rooms, mainiacjoe_overflow_swirl
D:6:      layout_loops_corners, uniq_sigmund

Skill      XL: |  1 |
---------------+----+-----
Dodging        | 2 |  2.2
Fighting       | |  3.5
Maces & Flails | |  2.6
Stealth        | |  3.6

Action                   || total
-------------------------++-------
Melee: Mace              ||    21
       Tailslap          ||     1
 Abil: Rolling Charge    ||     2
Armor: Leather armour    ||     7
Dodge: Dodged            ||     7

Table legend: (Time is in decaauts)
 A = Elapsed time spent in this place.
 B = Non-inter-level travel time spent in this place.
 C = Inter-level travel time spent in this place.
 D = Time resting spent in this place.
 E = Time spent auto-exploring this place.
 F = Levels seen in this place.
 G = Mean time per level.
                   A        B        C        D        E       F      G
               +--------+--------+--------+--------+--------+-----+--------+
         Total |    413 |    413 |      0 |    266 |      0 |   2 |  206.5 |
       Dungeon |    413 |    413 |      0 |    266 |      0 |   2 |  206.5 |
               +--------+--------+--------+--------+--------+-----+--------+

Top non-repeatable levels by time:
     D:5: 410 daAuts
     D:6: 3 daAuts
